 Dungeon Sprint DCSS version 0.31.0-32-g396128a36d (webtiles) character file.

Game seed: 17441995263085198380

301 Heoruswealwe the Spear-Bearer (level 6, -2/62 HPs)
             Began as a Minotaur Fighter on Apr 19, 2024.
             Was an Initiate of Gozag.
             Killed by vampiric draining
             ... invoked by a vampire
              (10 damage)
             ... in the Dungeon (Sprint IX: "|||||||||||||||||||||||||||||").
             The game lasted 00:03:01 (167 turns).

Heoruswealwe the Spear-Bearer (Minotaur Fighter)     Turns: 167, Time: 00:03:01

Health: -2/62      AC: 14    Str: 26    XL:     6   Next: 14%
Magic:  5/5        EV: 10    Int:  5    God:    Gozag
Gold:   0          SH:  0    Dex:  9    Spells: 5/5 levels left

rFire   . . .        b - +2 halberd (freeze)
rCold   . . .        (shield currently unavailable)
rNeg    . . .        c - +1 scale mail
rPois   .            (helmet restricted)
rElec   .            h - +0 cloak
rCorr   .            f - +0 pair of gloves
SInv    .            (no boots)
Will    .....        (no amulet) Stlth
                     k - +3 ring of strength
HPRegen 0.30/turn    j - +2 ring of protection
MPRegen 0.09/turn

%: no teleportation
@: no status effects
A: horns 2, retaliatory headbutt
a: Renounce Religion, Potion Petition, Call Merchant, Bribe Branch


You were in the Dungeon.
You worshipped Gozag.
Gozag was noncommittal.
You visited 1 branch

Inventory:

Hand Weapons
 a - a +0 trident
 b - a +2 halberd of freezing (weapon)
Armour
 c - a +1 scale mail (worn)
 d - a +0 buckler
 f - a +0 pair of gloves (worn)
 h - a +0 cloak (worn)
Jewellery
 j - a +2 ring of protection (right hand)
 k - a +3 ring of strength (left hand)
Wands
 m - a wand of light (10)
Scrolls
 o - 2 scrolls of blinking
Potions
 e - 3 potions of curing
 g - a potion of haste
 i - a potion of berserk rage
 n - a potion of might


   Skills:
 + Level 8.5 Fighting
 * Level 11.1 Polearms
 + Level 8.5 Armour
 - Level 3.6 Shields


You had 5 spell levels left.
You didn't know any spells.
Your spell library was empty.

Dungeon Overview and Level Annotations

Branches:
Dungeon (1/1)

Altars:
Cheibriados
Dithmenos
Elyvilon
Fedhas
Gozag
Hepliaklqana
Kikubaaqudgha
Makhleb
Nemelex Xobeh
Okawaru
Qazlal
Ru
Sif Muna
Trog
Uskayaw
Vehumet
Wu Jian
Xom
Yredelemnul
Zin
The Shining One
Jiyva
Lugonu


Innate Abilities, Weirdness & Mutations

You have a pair of horns on your head.
You reflexively headbutt those who attack you in melee.


Message History

You closely miss something. Something hits you.
* * * LOW HITPOINT WARNING * * *
Something bites you.
* * * LOW HITPOINT WARNING * * *
Something draws strength from your injuries!
You feel much better. Something hits you! Something bites you.
Something draws strength from your injuries!
You barely miss something. Something hits you but does no damage.
Something bites you.
* * * LOW HITPOINT WARNING * * *
Something draws strength from your injuries!
You feel much better.
You hear some strange, mumbled words.
Something tries to affect you, but you resist.
You barely miss something. Your headbutt misses something. Something hits you.
Something bites you.
Something draws strength from your injuries!
You closely miss something. You headbutt something.
Something hits you but does no damage. Something bites you!
Something draws strength from your injuries!
You closely miss something. Your headbutt misses something. Something hits you.
* * * LOW HITPOINT WARNING * * *
Something bites you.
* * * LOW HITPOINT WARNING * * *
Something draws strength from your injuries!
You closely miss something. Your headbutt misses something.
You hear some strange, mumbled words.
You are confused.
You feel better. Something hits you. Something bites you but does no damage.
You barely miss something. Your headbutt misses something. Something hits you!
* * * LOW HITPOINT WARNING * * *
Something bites you but does no damage.
You feel better. Something hits you but does no damage. Something bites you!
* * * LOW HITPOINT WARNING * * *
Something draws strength from your injuries!
You slash something! You freeze something. Your headbutt misses something.
You puncture something! You freeze something. Your headbutt misses something.
Something draws life force from you!
You die...
Your body crumbles into a pile of gold. ▓▓▓▓▓▓▓▓▓▓▓▓▓▓▓▓▓▓▓▓▓▓▓▓ ______'!?)[.....@{oDYz.+ ▓▓▓▓▓▓▓▓▓▓▓▓▓▓▓▓▓▓▓▓▓▓▓▓

You could see a yak, an orc warrior, an acid dragon and a wight.

Vanquished Creatures
  An orc warrior (D)
  An ice beast (D)
  A phantom (D)
  An orc wizard (D)
  2 orcs (D)
  A giant cockroach (D)
  2 hobgoblins (D)
  A kobold (D)
  A quokka (D)
11 creatures vanquished.

Notes
Turn   | Place    | Note
-------+----------+-------------------------------------------
     0 | D        | Heoruswealwe the Minotaur Fighter began the quest for the
                  | Orb.
     0 | D        | Reached XP level 1. HP: 19/19 MP: 0/0
     7 | D        | Reached skill level 3 in Polearms
    18 | D        | Reached skill level 4 in Polearms
    33 | D        | Noticed an orc wizard
    33 | D        | Noticed an ice beast
    33 | D        | Noticed a phantom
    37 | D        | Killed an orc wizard
    38 | D        | Reached skill level 5 in Fighting
    38 | D        | Reached skill level 5 in Polearms
    38 | D        | Reached skill level 5 in Armour
    38 | D        | Reached XP level 2. HP: 29/29 MP: 1/1
    38 | D        | Reached XP level 3. HP: 36/36 MP: 2/2
    50 | D        | Killed an ice beast
    51 | D        | Reached skill level 8 in Polearms
    51 | D        | Reached XP level 4. HP: 29/45 MP: 3/3
    53 | D        | Killed a phantom
    54 | D        | Reached skill level 10 in Polearms
    54 | D        | Reached XP level 5. HP: 35/53 MP: 4/4
    65 | D        | Found a snail-covered altar of Cheibriados.
    65 | D        | Found a shadowy altar of Dithmenos.
    65 | D        | Found a white marble altar of Elyvilon.
    65 | D        | Found a blossoming altar of Fedhas.
    65 | D        | Found an opulent altar of Gozag.
    66 | D        | Found a hazy altar of Hepliaklqana.
    67 | D        | Found a viscous altar of Jiyva.
    68 | D        | Found an ancient bone altar of Kikubaaqudgha.
    69 | D        | Found a corrupted altar of Lugonu.
    70 | D        | Found a burning altar of Makhleb.
    71 | D        | Found a sparkling altar of Nemelex Xobeh.
    72 | D        | Found an iron altar of Okawaru.
    73 | D        | Became a worshipper of Gozag Ym Sagoz the Greedy
    74 | D        | Found a stormy altar of Qazlal.
    75 | D        | Found a sacrificial altar of Ru.
    76 | D        | Found a shimmering blue altar of Sif Muna.
    77 | D        | Found a bloodstained altar of Trog.
    78 | D        | Found a hide-covered altar of Uskayaw.
    79 | D        | Found a radiant altar of Vehumet.
    80 | D        | Found an ornate altar of the Wu Jian Council.
    81 | D        | Found a shimmering altar of Xom.
    82 | D        | Found a basalt altar of Yredelemnul.
    83 | D        | Found a glowing silver altar of Zin.
    84 | D        | Found a glowing golden altar of the Shining One.
   141 | D        | Noticed an orc warrior
   141 | D        | Noticed a vampire
   141 | D        | Noticed an orc warrior
   141 | D        | Noticed an acid dragon
   141 | D        | Noticed a yak
   148 | D        | Killed an orc warrior
   149 | D        | Reached skill level 11 in Polearms
   149 | D        | Reached XP level 6. HP: 33/62 MP: 5/5
   167 | D        | Killed from afar by a vampire

Illustrated notes

Levels and vault maps discovered:
D:        linesprint [early_d, line_temple, items_1, d_10, items_2, lair_1,
          lair_end, items_3, orc_1, orc_end, items_4, d_15, swamp_1, shoals_1,
          snake_1, spider_1, d_20, vaults_1, items_5, swamp_end, shoals_end,
          snake_end, spider_end, vaults_end, d_27, items_6, zot_1, zot_end,
          crypt_end, forest_end, elf_end, slime_end, tomb_end, abyss_end,
          pan_hell_end]

Skill      XL: |  1  2  3  4  5 |
---------------+----------------+-----
Polearms       | 5 8 10 11 | 11.1
Fighting       | 5 6 7 8 |  8.5
Armour         | 5 6 7 8 |  8.5
Shields        | |  3.6

Action                     |  1- 3 |  4- 6 || total
---------------------------+-------+-------++-------
  Melee: Trident           |    29 |     8 ||    37
         Headbutt          |     5 |     7 ||    12
         Halberd           |       |    21 ||    21
    Use: Potion            |     1 |     4 ||     5
 Armour: Scale mail        |    15 |    33 ||    48
  Dodge: Dodged            |     9 |     6 ||    15
  Block: Buckler           |     5 |     2 ||     7
